 Dungeon Crawl Stone Soup version 0.25.0-9-g26727b657a (webtiles) character file.

Game seed: 7539924524843925679

308 Infinimo the Digger (level 6, -1/32 HPs)
             Began as a Gargoyle Earth Elementalist on June 20, 2020.
             Slain by Grinder (3 damage)
             ... on level 4 of the Dungeon.
             The game lasted 00:07:41 (3894 turns).

Infinimo the Digger (Gargoyle Earth Elementalist)   Turns: 3894, Time: 00:07:42

Health: -1/32      AC:  8    Str: 11    XL:     6   Next: 40%
Magic:  1/11       EV: 12    Int: 18    God:
Gold:   92         SH:  0    Dex: 10    Spells: 7/11 levels left

rFire    . . .     SeeInvis .   (no weapon)
rCold    . . .     Gourm    .   (no shield)
rNeg     + . .     Faith    .   c - +0 robe
rPois    ∞         Spirit   .   (no helmet)
rElec    +         Reflect  .   q - +0 cloak
rCorr    .         Harm     .   p - +0 pair of gloves
MR       .....                  (no boots)
Stlth    ++........             (no amulet)
HPRegen  0.10/turn              (no ring)
MPRegen  0.12/turn              (no ring)

@: very slightly contaminated, invisible
A: negative energy resistance 1, electricity resistance, unbreathing,
petrification resistance, rot immunity, AC +4
a: no special abilities


You were on level 4 of the Dungeon.
You were not hungry.

You visited 1 branch of the dungeon, and saw 4 of its levels.

You collected 92 gold pieces.

Inventory:

Armour
 c - a +0 robe (worn)
 l - a +0 buckler
 p - a +0 pair of gloves (worn)
 q - a +0 cloak (worn)
Jewellery
 k - a +6 ring of dexterity {unknown}
Wands
 b - a wand of digging (3)
 t - a wand of random effects (20)
Scrolls
 a - a scroll of identify
 e - 2 scrolls of amnesia
 f - a scroll of fear
 g - 2 scrolls of teleportation {unknown}
 i - a scroll of magic mapping
 o - 2 scrolls of enchant weapon
 u - 2 scrolls of remove curse {unknown}
Potions
 h - 2 potions of curing
 j - a potion of brilliance
 m - a potion of invisibility
 n - a potion of might {unknown}
 r - a potion of haste
 s - 2 potions of stabbing
Comestibles
 d - 7 rations


   Skills:
 - Level 1.5 Dodging
 - Level 2.1 Stealth
 + Level 2.8 Shields
 + Level 3.4 Spellcasting
   Level 0.7 Transmutations
 * Level 6.6 Earth Magic


You had 7 spell levels left.
You knew the following spells:

 Your Spells              Type           Power        Failure   Level  Hunger
a - Sandblast             Erth           ####..       1%          1    None
b - Stone Arrow           Conj/Erth      ###...       12%         3    ###....

Your spell library contained the following spells:

 Spells                   Type           Power        Failure   Level  Hunger
 Passwall                 Tmut/Erth      ###.....     5%          2    ##.....
 Lee's Rapid Deconstruct  Erth           ####......   28%         5    ######.
 Petrify                  Tmut/Erth      ###.....     34%         4    ####...


Dungeon Overview and Level Annotations

Branches:
Dungeon (4/15)
 Temple: D:4-7

Altars:
Nemelex Xobeh
The Shining One

Annotations:
D:4 Grinder


Innate Abilities, Weirdness & Mutations

You are resistant to torment.
Your stone body is resilient. (AC +4)
You are immune to poison.
You resist negative energy. (rN+)
You are resistant to electric shocks. (rElec)
You can survive without breathing.
You are immune to petrification.
You are immune to rotting.


Message History

Unknown command.
Evoke which item? (* to show all) (? for menu, Esc to quit)
Aiming: Random Effects
Press: ? - help, Shift-Dir - straight line, f/p - Grinder
Aim: Grinder (severely wounded, fast) Nothing appears to happen.
Grinder blinks!
You hit Grinder.
Grinder is severely wounded.
Grinder barely misses you. Grinder hits you.
You closely miss Grinder.
Grinder is severely wounded.
Grinder gestures at you. Pain shoots through your body!
* * * LOW HITPOINT WARNING * * *
Unknown command.
You fade into invisibility!
Grinder hits you.
* * * LOW HITPOINT WARNING * * *
Grinder hits you.
You die...

************ *,,,,,<*
#....(.....# *,******
#..........# *,*
#..........###+**
#......(......,,******
#.............,,,,,?,*
#.............,,*#*#.*
#.............,,##.#.#
########>..5@........,,.,....
#....).....###.......,.##.#.#
#..........# #.######,....#..
#..........# #.##...+........
#..........###.##.###.....#..
#......................<.....
########.......####.#...#.#..
######### ##...#.#,#..
#....#,*,###


You could see Grinder (fast).

Vanquished Creatures
  A scorpion (D:4)
  A bullfrog skeleton (D:4)
  An orc priest (D:3)
  An orc wizard (D:3)
  A worker ant (D:4)
  8 adders
  An adder skeleton (D:4)
  3 worms
  2 dart slugs (D:1)
  2 leopard geckos (D:4)
  4 orcs (D:3)
  5 giant cockroaches
  3 goblins
  8 hobgoblins
  10 jackals
  9 kobolds
  A bat (D:2)
  5 frilled lizards
66 creatures vanquished.

Vanquished Creatures (others)
  A hobgoblin (D:1)
1 creature vanquished.

Grand Total: 67 creatures vanquished

Notes
Turn   | Place    | Note
-------+----------+-------------------------------------------
     0 | D:1      | Infinimo the Gargoyle Earth Elementalist began the quest
                  | for the Orb.
     0 | D:1      | Reached XP level 1. HP: 10/10 MP: 3/3
   138 | D:1      | Reached skill level 4 in Earth Magic
   139 | D:1      | Reached XP level 2. HP: 15/15 MP: 0/5
   882 | D:2      | Reached XP level 3. HP: 19/19 MP: 4/6
  1163 | D:2      | Reached skill level 1 in Shields
  1395 | D:2      | Reached skill level 5 in Earth Magic
  1449 | D:2      | Reached XP level 4. HP: 19/24 MP: 1/7
  1731 | D:2      | Found a glowing golden altar of the Shining One.
  1908 | D:2      | Learned a level 3 spell: Stone Arrow
  2439 | D:3      | Reached XP level 5. HP: 11/28 MP: 1/9
  3196 | D:4      | Reached skill level 6 in Earth Magic
  3306 | D:4      | Reached XP level 6. HP: 6/32 MP: 1/11
  3688 | D:4      | Found a sparkling altar of Nemelex Xobeh.
  3870 | D:4      | Noticed Grinder
  3877 | D:4      | Paralysed by Grinder for 5 turns
  3884 | D:4      | Paralysed by Grinder for 6 turns
  3894 | D:4      | Slain by Grinder

Illustrated notes

Levels and vault maps discovered:
D:1:      grunt_arrival_lava_bath, layout_rooms, lemuel_old_faithful
D:2:      layout_basic, nicolae_tso_swordbearing_angel
D:3:      layout_loops_ring
D:4:      layout_basic, nemelex_xobeh_ov_fountains_minmay, first_ration,
          uniq_grinder

Skill      XL: |  1  2  3  4  5 |
---------------+----------------+-----
Earth Magic    | 4 5 6 |  6.6
Shields        | 1 2 |  2.8
Spellcasting   | 3 |  3.4
Dodging        | |  1.5
Stealth        | |  2.1
Transmutations | |  0.7

Action                   |  1- 3 |  4- 6 || total
-------------------------+-------+-------++-------
Melee: Unarmed           |    32 |    14 ||    46
 Cast: Sandblast         |    63 |    70 ||   133
       Stone Arrow       |       |     6 ||     6
Evoke: Wand              |       |     2 ||     2
  Use: Potion            |       |     6 ||     6
       Scroll            |       |     9 ||     9
  Eat: Chunk             |     2 |     6 ||     8
       Ration            |       |     1 ||     1
Armor: Robe              |    19 |    12 ||    31
       Skin              |       |     2 ||     2
Dodge: Dodged            |    61 |    30 ||    91
Block: Buckler           |    10 |     8 ||    18
